 Dungeon Crawl Stone Soup version 0.21-a0-529-g8c7b3f5 (webtiles) character file.

119 slep the Chopper (level 5, -3/39 HPs)
             Began as a Formicid Gladiator on Dec 12, 2017.
             Slain by a gnoll
             ... wielding a +0 spear
              (4 damage)
             ... on level 2 of the Dungeon.
             The game lasted 00:05:41 (1249 turns).

slep the Chopper (Formicid Gladiator)               Turns: 1249, Time: 00:05:43

Health: -3/39      AC:  6    Str: 19    XL:     5   Next: 24%
Magic:  5/5        EV: 12    Int:  7    God:
Gold:   154        SH:  0    Dex: 13    Spells: 4/4 levels left

rFire    . . .     SeeInvis +   a - +0 war axe
rCold    . . .     Gourm    .   (no shield)
rNeg     . . .     Faith    .   f - +1 ring mail {rPois}
rPois    +         Spirit   .   (helmet unavailable)
rElec    .         Reflect  .   (no cloak)
rCorr    .         Harm     .   (no gloves)
MR       .....                  (no boots)
Stlth    +.........             (no amulet)
HPRegen  0.13/turn              (no ring)
MPRegen  0.09/turn              (no ring)

@: no status effects
A: permanent stasis, dig shafts and tunnels, four strong arms, antennae 3
a: Dig, Shaft Self


You were on level 2 of the Dungeon.
You were not hungry.

You visited 1 branch of the dungeon, and saw 2 of its levels.

You collected 154 gold pieces.

Inventory:

Hand Weapons
 a - a +0 war axe (weapon)
Missiles
 c - 3 throwing nets (quivered)
Armour
 b - a +0 leather armour
 f - a +1 ring mail of poison resistance (worn)
Scrolls
 g - 2 scrolls of remove curse {unknown}
 h - a scroll of teleportation {unknown}
 i - a scroll of amnesia {unknown}
 k - 2 scrolls of identify {unknown}
 m - 2 scrolls of immolation {unknown}
 n - a scroll of magic mapping {unknown}
Potions
 e - a potion of curing {unknown}
 o - a potion of heal wounds {unknown}
Comestibles
 d - 4 bread rations
 j - 6 fruits
 l - a meat ration


   Skills:
 + Level 2.5 Fighting
 + Level 4.2 Axes
 + Level 2.4 Throwing
 + Level 1.5 Armour
 + Level 3.4 Dodging


You had 4 spell levels left.
You didn't know any spells.

Dungeon Overview and Level Annotations

Branches:
Dungeon (2/15)

Altars:


Innate Abilities, Weirdness & Mutations

You cannot be hasted, slowed, berserked, paralysed or teleported.
You can dig through walls and to a lower floor.
Your four strong arms can wield two-handed weapons with a shield.
You have a pair of large antennae on your head. (SInv)


Message History

You closely miss the gnoll.
The gnoll is heavily wounded.
The gnoll hits you with a spear.
* * * LOW HITPOINT WARNING * * *
You barely miss the gnoll.
The gnoll is heavily wounded.
The gnoll hits you with a spear.
* * * LOW HITPOINT WARNING * * *
The gnoll barely misses you.
You closely miss the gnoll.
The gnoll is heavily wounded.
The gnoll hits you with a spear.
* * * LOW HITPOINT WARNING * * *
You closely miss the gnoll.
The gnoll is heavily wounded.
The gnoll barely misses you.
You barely miss the gnoll.
The gnoll is heavily wounded.
The gnoll hits you with a spear.
You die...

##.###..♣.♣..###.##.PP♣......#
####.##
##.♣.♣........P.♣♣.P.#..#
g{{g.#
#.♣.♣.####....♣♣♣♣P.#..#
####.##
##.♣.♣.#####.PPPP♣♣♣.#..#
##.###.g♣.♣...###...♣PP♣.##..#
##...#.♣.♣##.##..#...♣.###..#
##....♣.♣....#.###..### #..#
#.##.#...#..#.# ##.# #..#
#.##.#####@)#.# #.# #..#
#.##.#####g.#.# #.# #..#
#.##....##..#.# #.# #..#
#.#####.##..#.# #.# #...
####...........#.# #.# #.##
#..........##.##.# #.# #.#
#.##♣♣♣♣♣..##.##.####.#####.#
#.##♣♣.P♣..##>..............#
#.#...................####.♣#♣


You could see a gnoll.

Vanquished Creatures
  4 gnolls
  2 adders (D:2)
  2 oozes
  2 dart slugs (D:1)
  2 leopard geckos
  5 goblins
  5 hobgoblins
  7 jackals (D:2)
  6 bats
  4 frilled lizards
  2 kobolds (D:2)
  10 rats
51 creatures vanquished.

Vanquished Creatures (others)
  3 bushes (D:2)
3 creatures vanquished.

Grand Total: 54 creatures vanquished

Notes
Turn   | Place    | Note
-------+----------+-------------------------------------------
     0 | D:1      | slep the Formicid Gladiator began the quest for the Orb.
     0 | D:1      | Reached XP level 1. HP: 16/16 MP: 1/1
    40 | D:1      | Reached XP level 2. HP: 16/22 MP: 2/2
   408 | D:1      | Reached XP level 3. HP: 25/27 MP: 3/3
   543 | D:2      | Reached XP level 4. HP: 31/34 MP: 4/4
  1040 | D:2      | Reached skill level 1 in Armour
  1051 | D:2      | Reached skill level 4 in Axes
  1185 | D:2      | Reached XP level 5. HP: 20/39 MP: 5/5
  1247 | D:2      | HP: 1/39 [gnoll/spear (2)]
  1249 | D:2      | Slain by a gnoll

Vault maps used:
D:1:      erik_arrival_blinker_ship, roderic_serpentine_path
D:2:      serial_forest, infiniplex_forest_clump_medium,
          infiniplex_forest_zigzag_1, infiniplex_forest_lined_corner,
          infiniplex_forest_split, infiniplex_forest_straight_4,
          infiniplex_forest_straight_3, infiniplex_forest_end_2,
          infiniplex_forest_clump_medium, infiniplex_forest_straight_4,
          infiniplex_forest_lined_room_3, lemuel_statue_altar

Skill      XL: |  1  2  3  4 |
---------------+-------------+-----
Dodging        | 3 |  3.4
Armour         | 1 |  1.5
Axes           | 4 |  4.2
Fighting       | |  2.5
Throwing       | |  2.4

Action                   |  1- 3 |  4- 6 || total
-------------------------+-------+-------++-------
Melee: War axe           |    51 |    88 ||   139
  Eat: Chunk             |       |     1 ||     1
Armor: Leather armour    |     3 |       ||     3
       Ring mail         |    19 |    39 ||    58
Dodge: Dodged            |    34 |    99 ||   133

Table legend:
 A = Spawn XP
 B = Non-spawn XP
 C = Spawn XP percentage of total XP
 D = Spawn monster count
 E = Non-spawn monster count
 F = Spawn count percentage of total count
 G = Total turns spent on level
                    A         B        C        D         E        F      G
               +---------+---------+-------+---------+---------+-------+---------
         Total |       0 |     171 |   0.0 |       0 |      51 |   0.0 |  1249
               +---------+---------+-------+---------+---------+-------+---------
           D:1 |       0 |      55 |   0.0 |       0 |      22 |   0.0 |   512
           D:2 |       0 |     116 |   0.0 |       0 |      29 |   0.0 |   737
               +---------+---------+-------+---------+---------+-------+---------
